 Dungeon Crawl Stone Soup version 0.17-a0-146-gd505748 (webtiles) character file.

124 Ngotmuk the Covered (level 4, -3/42 HPs)
             Began as a Deep Dwarf Fighter on Mar 25, 2015.
             Killed from afar by an orc wizard (5 damage)
             ... with a magic dart
             ... on level 3 of the Dungeon.
             The game lasted 00:04:41 (1483 turns).

Ngotmuk the Covered (Deep Dwarf Fighter)            Turns: 1483, Time: 00:04:41

Health: -3/42      AC: 14    Str: 20    XL:     4   Next: 81%
Magic:  4/4        EV:  4    Int:  9    God:
Gold:   70         SH:  9    Dex: 12    Spells: 0 memorised, 3 levels left

rFire  . . .     SeeInvis .     a - +1 flail
rCold  . . .     Clarity  .     k - +0 plate armour
rNeg   . . .     SustAb   .     c - +0 shield
rPois  .         Gourm    .     l - +0 helmet
rElec  .         Spirit   .     g - +0 cloak
rCorr  .         Warding  .     (no gloves)
rMut   .         Stasis   .     (no boots)
MR     .....                    (no amulet)
Stlth  ..........               (no ring)
                                (no ring)

@: lethally poisoned (-3 -> -3), non-regenerating, not resistant to hostile
enchantments, extremely unstealthy
A: damage resistance, recharge devices, sense surroundings 1, slow healing 3
a: Device Recharging


You were on level 3 of the Dungeon.
You were not hungry.

You visited 1 branch of the dungeon, and saw 3 of its levels.

You collected 70 gold pieces.

Inventory:

Hand weapons
 a - a +1 flail (weapon)
Armour
 c - a +0 shield (worn)
 g - a +0 cloak (worn)
 k - a +0 plate armour (worn)
 l - a +0 helmet (worn)
Magical devices
 d - a wand of heal wounds (5)
Scrolls
 f - 2 scrolls of noise {unknown}
 h - a scroll of remove curse
 i - 2 scrolls of fog {unknown}
 j - a scroll of identify {unknown}
 m - a scroll of enchant weapon
 n - a scroll of teleportation {unknown}
Potions
 b - a potion of curing {unknown}
 e - a potion of might


   Skills:
 + Level 3.4 Fighting
 - Level 2.0 Maces & Flails
 + Level 4.1 Armour
 + Level 2.4 Dodging
 + Level 4.1 Shields


You had 3 spell levels left.
You didn't know any spells.

Dungeon Overview and Level Annotations

Branches:
Dungeon (3/15)

Altars:


Innate Abilities, Weirdness & Mutations

You are resistant to damage.
You can recharge devices by infusing magical energy.
You passively map a small area around you.
You do not heal naturally.


Message History

The adder completely misses you.
You hit the adder.
You kill the adder!
The orc wizard casts a spell at you. You resist with some effort.
You see here a jackal corpse.
Your shield and plate armour prevent you from hitting the orc wizard.
The orc wizard casts a spell.
The orc wizard blinks!
Found a stone staircase leading down.
Found 3 javelins.
You hit the orc wizard!
The orc wizard is heavily wounded.
The orc wizard hits you but does no damage.
You block the orc wizard's attack.
You hit the orc wizard.
The orc wizard is severely wounded.
The orc wizard points at you and mumbles some strange words.
The magic dart hits you!
You die...

..# , * , * *#...# #, *
* . #..>. ., ...#...#
.# * ....#...# .# * ,
#....#...#..#,,
##$.......#..#..# *
..................
........o@##....# ,
................... , *
,#.######††#<##....#*
............#*,....
###.#.######..#.##.##(.
#......†..<.......... ,
###.#.####.#..#.#%.# *
#.....#.#... , ,*
,.......... .


You could see an orc wizard.

Vanquished Creatures
  Jessica (D:2)
  4 adders
  2 worms (D:2)
  2 giant geckos
  An ooze (D:2)
  A ball python (D:2)
  6 bats (D:1)
  3 giant cockroaches
  3 goblins
  4 hobgoblins
  10 jackals
  10 kobolds
  2 giant newts
  3 rats (D:1)
52 creatures vanquished.

Notes
Turn   | Place    | Note
--------------------------------------------------------------
     0 | D:1      | Ngotmuk, the Deep Dwarf Fighter, began the quest for the Orb.
     0 | D:1      | Reached XP level 1. HP: 20/20 MP: 1/1
   190 | D:1      | Reached XP level 2. HP: 27/27 MP: 2/2
   226 | D:1      | Reached skill level 1 in Dodging
   541 | D:1      | Reached XP level 3. HP: 22/33 MP: 3/3
   961 | D:2      | Noticed Jessica
   963 | D:2      | Killed Jessica
  1112 | D:2      | Reached skill level 4 in Armour
  1112 | D:2      | Reached XP level 4. HP: 25/42 MP: 4/4
  1476 | D:3      | HP: 2/42 [orc wizard/magic dart (6)]
  1483 | D:3      | Killed from afar by an orc wizard

Action                   |  1- 3 |  4- 6 || total
-------------------------+-------+-------++-------
Melee: Flail             |   152 |    64 ||   216
  Use: Scroll            |     2 |       ||     2
  Eat: Bread ration      |       |     1 ||     1
